 Dungeon Crawl Stone Soup version 0.21.1-1-g345015f (webtiles) character file.

11141 Mgcat the Fighter (level 12, 0/100 HPs)
             Began as a Human Berserker on Feb 28, 2018.
             Was an Elder of Trog.
             Slain by a porcupine (11 damage)
             ... on level 2 of the Lair of Beasts.
             The game lasted 00:30:53 (11514 turns).

Mgcat the Fighter (Human Berserker)                Turns: 11514, Time: 00:30:53

Health: 0/100      AC:  2    Str: 26    XL:     12   Next: 4%
Magic:  12/12      EV: 11    Int: 10    God:    Trog [****..]
Gold:   589        SH:  4    Dex: 16    Spells: 11/11 levels left

rFire    . . .     SeeInvis .   K - +0 war axe
rCold    . . .     Gourm    .   R - +0 buckler
rNeg     . . .     Faith    .   b - +1 ring mail
rPois    +         Spirit   .   (no helmet)
rElec    .         Reflect  .   q - scarf {rC+ rF+}
rCorr    .         Harm     .   (no gloves)
MR       ++...                  (no boots)
Stlth    +.........             (no amulet)
HPRegen  1.26/turn              H - ring of poison resistance {rPois, !d}
MPRegen  0.13/turn              C - ring of the Evil One {Wiz rF- rC- Str+7 Int+2}

@: corroded, berserk cooldown, very slightly contaminated, regenerating, slowed,
very slow
A: no striking features
a: Berserk, Trog's Hand, Brothers in Arms, Burn Spellbooks, Renounce Religion


You were on level 2 of the Lair of Beasts.
You worshipped Trog.
Trog was greatly pleased with you.
You were near starving.

You visited 2 branches of the dungeon, and saw 13 of its levels.

You collected 589 gold pieces.

Inventory:

Hand Weapons
 r - the +10 hunting sling of the Throat {velocity, *Corrode rPois rC+ Int+4}
   (You found it on level 4 of the Dungeon)

   Any stone fired from it inflicts extra damage.
   It affects your intelligence (+4).
   It protects you from cold.
   It protects you from poison.
   It may corrode you when you take damage.
 B - a +2 flail of protection
   (You took it off Edmund on level 5 of the Dungeon)
 K - a +0 war axe (weapon)
   (You took it off an orc on level 10 of the Dungeon)
Missiles
 u - 183 stones (quivered)
 F - 53 sling bullets
Armour
 b - a +1 ring mail (worn)
   (You found it on level 3 of the Dungeon)
 o - a +0 leather armour of magic resistance
   (You found it on level 3 of the Dungeon)
 q - a scarf of resistance (worn)
   (You found it on level 6 of the Dungeon)
 R - a +0 buckler (worn)
   (You found it on level 10 of the Dungeon)
Jewellery
 e - an uncursed ring of ice {rC+, rF-}
   (You found it on level 1 of the Dungeon)
 y - an uncursed ring of protection from magic {MR+, !d}
   (You found it on level 5 of the Dungeon)
 C - the ring of the Evil One (right hand) {Wiz rF- rC- Str+7 Int+2}
   (You found it on level 5 of the Dungeon)

   [ring of wizardry]

   It improves your spell success rate.
   It affects your strength (+7).
   It affects your intelligence (+2).
   It makes you vulnerable to fire.
   It makes you vulnerable to cold.
 H - a ring of poison resistance (left hand) {rPois, !d}
   (You found it on level 8 of the Dungeon)
 J - a +4 ring of strength
   (You took it off an orc on level 8 of the Dungeon)
 Q - an uncursed ring of resist corrosion
   (You took it off a centaur on level 10 of the Dungeon)
Wands
 j - a wand of scattershot (2)
   (You found it on level 3 of the Dungeon)
 p - a wand of digging (36)
   (You took it off Ijyb on level 3 of the Dungeon)
 E - a wand of random effects (36)
   (You found it on level 7 of the Dungeon)
 G - a wand of iceblast (3)
   (You found it on level 8 of the Dungeon)
 I - a wand of disintegration (5)
   (You took it off an orc on level 8 of the Dungeon)
 L - a wand of polymorph (18)
   (You found it on level 8 of the Dungeon)
Scrolls
 a - a scroll of magic mapping {unknown}
 v - 6 scrolls of identify
 w - a scroll of enchant weapon
 z - 7 scrolls of remove curse
 M - a scroll of enchant armour
 N - a scroll of fog {unknown}
 P - a scroll of fear
 S - a scroll of vulnerability {unknown}
Potions
 d - 4 potions of might
 f - 3 potions of lignification {unknown}
 g - 2 potions of magic {unknown}
 h - a potion of cancellation {unknown}
 i - 2 potions of haste {unknown}
 k - a potion of brilliance {unknown}
 l - 2 potions of degeneration {unknown}
 m - 4 potions of curing {unknown}
 n - 2 potions of berserk rage {unknown}
 s - 2 potions of ambrosia {unknown}
 t - a potion of flight {unknown}
 x - a potion of resistance {unknown}
 A - 3 potions of agility {unknown}
 O - 2 potions of heal wounds
Comestibles
 c - 6 rations


   Skills:
 + Level 11.6 Fighting
 + Level 10.0 Axes
 + Level 10.4 Slings
 + Level 2.7 Armour
 - Level 2.0 Dodging
 + Level 1.4 Shields


You had 11 spell levels left.
You didn't know any spells.

Dungeon Overview and Level Annotations

Branches:
Dungeon (11/15)            Temple (0/1) D:7            Lair (1/6) D:11
    Orc (0/2) D:11

Altars:
Cheibriados
Nemelex Xobeh

Shops:
D:4 %

Annotations:
D:5 bmj180's ghost, novice HaFi


Message History

Press: ? - help, Shift-Dir - straight line, f/p - wolf
Aim: a wolf You shoot a stone.
The stone hits the wolf but does no damage.
The wolf misses you.
The wolf bites the fungus. x2; The wolf bites you.
Firing (i - inventory. (,) - cycle):
u - 190 stones (quivered)
Press: ? - help, Shift-Dir - straight line, f/p - wolf
Aim: a wolf You shoot a stone.
The stone completely misses the wolf.
The wolf bites the fungus!
The wolf bites the fungus.
The wolf bites you. The wolf misses you.
The wolf bites the fungus.
The fungus is destroyed!
Firing (i - inventory. (,) - cycle):
u - 189 stones (quivered)
Press: ? - help, Shift-Dir - straight line, f/p - wolf
Aim: a wolf You shoot a stone.
The stone hits the wolf!
The wolf is almost dead.
The wolf barely misses you. The wolf completely misses you.
Firing (i - inventory. (,) - cycle):
u - 188 stones (quivered)
Press: ? - help, Shift-Dir - straight line, f/p - wolf
Aim: a wolf (almost dead)
You shoot a stone. The stone hits the wolf.
You kill the wolf!
Trog accepts your kill. The wolf bites you! The wolf bites you.
Your corrosive artefact corrodes you!
Firing (i - inventory. (,) - cycle):
u - 187 stones (quivered)
Press: ? - help, Shift-Dir - straight line, f - wolf
Aim: a wolf You shoot a stone.
The stone hits the wolf.
The wolf is moderately wounded.
The wolf bites you but does no damage. The wolf misses you.
Firing (i - inventory. (,) - cycle):
u - 186 stones (quivered)
Press: ? - help, Shift-Dir - straight line, f/p - wolf
Aim: a wolf (moderately wounded)
You shoot a stone. The stone hits the wolf!
You kill the wolf!
Trog accepts your kill. The wolf bites you. The wolf completely misses you. x2
Firing (i - inventory. (,) - cycle):
u - 185 stones (quivered)
Press: ? - help, Shift-Dir - straight line, f - wolf
Aim: a wolf You shoot a stone.
The stone completely misses the wolf.
The wolf misses you. The wolf closely misses you.
Firing (i - inventory. (,) - cycle):
u - 184 stones (quivered)
Press: ? - help, Shift-Dir - straight line, f/p - wolf
Aim: a wolf You shoot a stone.
The stone completely misses the wolf.
The wolf barely misses you. The wolf bites you!
You are too injured to fight recklessly!
You are too injured to fight recklessly!
You are too injured to fight recklessly!
You are too injured to fight recklessly!
You are too injured to fight recklessly!
Wield which item (- for none, * to show all)? (? for menu, Esc to quit)
K - a +0 war axe (weapon)
The wolf bites you! You block the wolf's attack.
You are too injured to fight recklessly!
You are too injured to fight recklessly!
You are too injured to fight recklessly!
You slash the wolf!
The wolf is heavily wounded.
You closely miss the wolf. The wolf bites you but does no damage.
The wolf bites you! x2; You block the wolf's attack.
You hit the wolf but do no damage.
The wolf is heavily wounded.
You slash the wolf! The wolf bites you! The wolf barely misses you.
Your skin crawls.
You feel resistant to hostile enchantments.
You feel somewhat more hungry. Trog will no longer gift you weapons.
The wolf bites you!
* * * LOW HITPOINT WARNING * * *
The wolf barely misses you. You block the wolf's attack. The wolf misses you.
A red film seems to cover your vision as you go berserk!
You feel yourself moving faster!
You feel mighty!
You are near starving!
The wolf closely misses you. The wolf bites you!
* * * LOW HITPOINT WARNING * * *
The wolf bites you!
* * * LOW HITPOINT WARNING * * *
The wolf bites you!
* * * LOW HITPOINT WARNING * * *
Your shield prevents you from hitting the wolf.
The wolf is heavily wounded.
You miss the wolf. You block the wolf's attack. The wolf bites you!
* * * LOW HITPOINT WARNING * * *
You are too berserk!
You feel a strong urge to attack something.
A porcupine comes into view. x2
You feel your anger nearly subside.
You are no longer berserk.
You are exhausted.
You feel yourself slow down.
Really read
D - a scroll of blinking {!r}?
Blink to where?
Press: ? - help, Dir - move target cursor, p - wolf You are very lightly contaminated with residual magic.
As you read the scroll of blinking {!r}, it crumbles to dust.
You feel the effects of Trog's Hand fading.
The porcupine bites you!
You die...

##(.###..
.#...P..
###......##
#.#.......##
#..........#
##......r...
##...r.?....#
#P...@......#
##........#.#
##......##
##.h.#.#
##h#### #.h#
## #..# #.###
##h##..PP#
##(.......


You could see 4 wolves and 2 porcupines.

Vanquished Creatures
  2 two-headed ogres (D:9)
  Pikel (D:8)
  3 centaur zombies (D:11)
  Psyche (D:8)
  A komodo dragon (D:11)
  A troll (D:9)
  A polar bear (shapeshifter) (D:10)
  3 hippogriffs
  The ghost of Mirai the Sneak, an amateur HaAs of Dithmenos (D:4)
  A wyvern (D:8)
  A hungry ghost (D:8)
  9 yaks
  A basilisk (Lair:1)
  A steam dragon (D:10)
  Edmund (D:5)
  A warg (D:11)
  3 porcupines (Lair:1)
  A slave (D:8)
  A water moccasin (Lair:1)
  3 orc warriors
  3 ice beasts
  A sky beast (D:10)
  A black bear (D:9)
  2 ogres
  A phantom (D:4)
  2 wolves (Lair:2)
  4 centaurs
  A crocodile (Lair:1)
  6 bullfrogs
  A wyvern skeleton (D:6)
  2 water moccasin skeletons
  A scorpion (D:9)
  8 killer bees
  3 crimson imps
  4 jellies
  3 bullfrog skeletons
  8 orc priests
  2 centaur skeletons
  6 hounds
  7 orc wizards
  Ijyb (D:3)
  Terence (D:3)
  6 iguanas
  5 worker ants
  A hound skeleton (D:11)
  2 worker ant zombies
  13 adders
  A shadow imp (D:10)
  3 oozes
  2 adder skeletons
  2 worms (D:4)
  2 dart slugs
  3 leopard geckos
  29 orcs
  6 giant cockroaches
  16 goblins
  13 hobgoblins
  17 jackals
  7 quokkas
  A ball python (D:1)
  10 bats
  5 frilled lizards
  4 kobolds
  A leopard gecko zombie (D:6)
  2 quokka skeletons
  5 rats
261 creatures vanquished.

Vanquished Creatures (others)
  2 orcs (D:8)
  A fungus (Lair:2)
  A plant (D:11)
4 creatures vanquished.

Grand Total: 265 creatures vanquished

Notes
Turn   | Place    | Note
-------+----------+-------------------------------------------
     0 | D:1      | Mgcat the Human Berserker began the quest for the Orb.
     0 | D:1      | Reached XP level 1. HP: 18/18 MP: 1/1
    36 | D:1      | HP: 3/18 [hobgoblin/club (4)]
   395 | D:1      | Reached XP level 2. HP: 22/24 MP: 2/2
   646 | D:1      | You fall through a shaft!
   707 | D:1      | You fall through a shaft!
   817 | D:1      | Reached XP level 3. HP: 26/29 MP: 3/3
  1199 | D:1      | HP: 7/30 [poisoned by an adder]
  1207 | D:1      | HP: 6/30 [poisoned by an adder]
  1486 | D:2      | Reached XP level 4. HP: 29/37 MP: 4/4
  1588 | D:2      | Reached skill level 4 in Fighting
  1588 | D:2      | Reached skill level 4 in Axes
  1594 | D:2      | HP: 9/37 [poisoned by an adder]
  1602 | D:2      | HP: 7/37 [poisoned by an adder]
  1610 | D:2      | HP: 6/37 [poisoned by an adder]
  1842 | D:2      | Reached ** piety under Trog
  2478 | D:2      | Found a snail-covered altar of Cheibriados.
  2716 | D:3      | Reached XP level 5. HP: 36/42 MP: 5/5
  3113 | D:3      | Reached XP level 6. HP: 15/50 MP: 6/6
  3323 | D:3      | Noticed Ijyb
  3349 | D:3      | Killed Ijyb
  3349 | D:3      | Reached skill level 5 in Fighting
  3349 | D:3      | Reached skill level 5 in Axes
  3525 | D:3      | Noticed Terence
  3540 | D:3      | Killed Terence
  3912 | D:4      | HP: 12/51 [poisoned by a worker ant]
  3914 | D:4      | HP: 4/51 [hound (3)]
  4255 | D:4      | Got an ichor-stained hunting sling
  4256 | D:4      | Identified the +10 hunting sling of the Throat {velocity, *Corrode rPois rC+ Int+4} (You found it on level 4 of the Dungeon)
  4532 | D:4      | Noticed a phantom
  4540 | D:4      | Killed a phantom
  4540 | D:4      | Reached skill level 1 in Slings
  4540 | D:4      | Reached XP level 7. HP: 49/56 MP: 7/7
  4767 | D:4      | Found Teit Haz's Food Emporium.
  4886 | D:4      | Noticed Mirai's ghost (amateur HaAs)
  4897 | D:4      | Killed Mirai's ghost
  4897 | D:4      | Reached skill level 6 in Fighting
  4897 | D:4      | Reached skill level 6 in Axes
  4897 | D:4      | Reached skill level 2 in Slings
  5024 | D:5      | Entered Level 5 of the Dungeon
  5195 | D:5      | Reached XP level 8. HP: 64/64 MP: 8/8
  5197 | D:5      | Noticed Edmund
  5216 | D:5      | Killed Edmund
  5216 | D:5      | Reached skill level 3 in Slings
  5244 | D:5      | Got a steaming marble ring
  5246 | D:5      | Identified the ring of the Evil One {Wiz rF- rC- Str+7 Int+2} (You found it on level 5 of the Dungeon)
  5259 | D:5      | Reached *** piety under Trog
  5365 | D:5      | Noticed bmj180's ghost (novice HaFi)
  6390 | D:6      | Reached skill level 4 in Slings
  6405 | D:6      | Reached skill level 7 in Fighting
  6405 | D:6      | Reached skill level 7 in Axes
  6763 | D:7      | Reached XP level 9. HP: 72/72 MP: 9/9
  6800 | D:7      | Found a staircase to the Ecumenical Temple.
  7192 | D:7      | Reached skill level 5 in Slings
  7409 | D:8      | Reached skill level 8 in Fighting
  7438 | D:8      | Found a sparkling altar of Nemelex Xobeh.
  7561 | D:8      | Noticed Pikel
  7574 | D:8      | Killed Pikel
  7574 | D:8      | Reached skill level 6 in Slings
  7646 | D:8      | Reached **** piety under Trog
  7782 | D:8      | Noticed Psyche
  7788 | D:8      | Killed Psyche
  7788 | D:8      | Reached skill level 9 in Fighting
  7788 | D:8      | Reached skill level 7 in Slings
  7788 | D:8      | Reached XP level 10. HP: 73/83 MP: 10/10
  8075 | D:8      | Received a gift from Trog
  8388 | D:9      | Reached skill level 8 in Slings
  8555 | D:9      | Noticed a two-headed ogre
  8561 | D:9      | Killed a two-headed ogre
  8561 | D:9      | Received a gift from Trog
  8561 | D:9      | Reached skill level 10 in Fighting
  8561 | D:9      | Reached skill level 8 in Axes
  8917 | D:9      | Noticed a two-headed ogre
  8921 | D:9      | Killed a two-headed ogre
  8921 | D:9      | Reached skill level 9 in Slings
  8921 | D:9      | Reached XP level 11. HP: 82/92 MP: 11/11
  8937 | D:9      | HP: 34/138 [killer bee (5)]
  9321 | D:10     | Entered Level 10 of the Dungeon
  9386 | D:10     | Reached skill level 9 in Axes
  9604 | D:10     | Reached skill level 11 in Fighting
 10337 | D:11     | Reached skill level 10 in Slings
 10357 | D:11     | Received a gift from Trog
 10381 | D:11     | Found a staircase to the Orcish Mines.
 10515 | D:11     | Found a staircase to the Lair.
 11150 | Lair:1   | Entered Level 1 of the Lair of Beasts
 11182 | Lair:1   | Reached ***** piety under Trog
 11202 | Lair:1   | Reached skill level 1 in Shields
 11324 | Lair:1   | Reached skill level 10 in Axes
 11324 | Lair:1   | Reached XP level 12. HP: 91/100 MP: 12/12
 11487 | Lair:1   | You fall through a shaft!
 11508 | Lair:2   | HP: 33/150 [wolf (10)]
 11508 | Lair:2   | HP: 16/150 [wolf (10)]
 11514 | Lair:2   | Slain by a porcupine

Skill      XL: |  1  2  3  4  5  6  7  8  9 10 11 |
---------------+----------------------------------+-----
Fighting       | 4 5 6 7 9 10 11 | 11.6
Axes           | 4 5 6 7 8 10 | 10.0
Slings         | 1 2 4 7 9 10 | 10.4
Shields        | 1 |  1.4
Armour         | |  2.7
Dodging        | |  2.0

Action                   |  1- 3 |  4- 6 |  7- 9 | 10-12 || total
-------------------------+-------+-------+-------+-------++-------
Melee: Hand axe          |    95 |   168 |    13 |       ||   276
       Dagger            |       |   100 |       |       ||   100
       Flail             |       |       |    33 |     9 ||    42
       War axe           |       |       |       |     3 ||     3
 Fire: Hunting sling     |       |    10 |   199 |   364 ||   573
Invok: Berserk           |       |     5 |     2 |     2 ||     9
       Trog's Hand       |       |     1 |     3 |     3 ||     7
       Burn Spellbooks   |       |       |     2 |       ||     2
Evoke: Wand              |       |       |     1 |       ||     1
  Use: Scroll            |       |     5 |     3 |     3 ||    11
       Potion            |       |     1 |       |       ||     1
 Stab: Sleeping          |       |     2 |       |       ||     2
  Eat: Chunk             |     2 |    12 |    13 |     9 ||    36
       Ration            |       |     2 |       |     1 ||     3
Armor: Animal skin       |    20 |    11 |       |       ||    31
       Ring mail         |       |    90 |    27 |    36 ||   153
Dodge: Dodged            |    70 |   156 |    45 |    82 ||   353
Block: Buckler           |       |       |       |    13 ||    13

Vault maps used:
D:1:      lightli_arrival_isolated_outpost, patterned_corridor
D:2:      first_ration, kennysheep_slug_shrine
D:3:      minmay_misc_feat_pillars, bh_walls_and_bars, uniq_ijyb, uniq_terence
D:4:      serial_shops, shop, st_stairs_3
D:5:      uniq_edmund
D:7:      minmay_temple_entry_hall
D:8:      nemelex_xobeh_ov_fountains_minmay, uniq_pikel, uniq_psyche
D:11:     david_lair_shrubbed, erik_orc_3
Lair:1:   basic_altar, grunt_megastairs_4, uniq_joseph
Lair:2:   minmay_swamp_entry_worms

Table legend:
 A = Turns spent in this place as a percentage of turns spent in the entire game.
 B = Non-inter-level travel turns spent in this place as a percentage of non-inter-level travel turns spent in the entire game.
 C = Inter-level travel turns spent in this place as a percentage of turns spent in this place.
 D = Turns resting spent in this place as a percentage of non-inter-level travel turns spent in this place.
 E = Turns spent auto-exploring this place as a percentage of non-inter-level travel turns spent in this place.
 F = Non-inter-level travel turns spent in this place divided by the number of levels of this place that you've seen.
                   A       B       C       D       E      F
               +-------+-------+-------+-------+-------+----------------------
         Total | 100.0 | 100.0 |   5.5 |   5.2 |  76.8 | 837.1
       Dungeon |  96.8 |  96.7 |   5.7 |   5.4 |  76.8 | 956.2
          Lair |   3.2 |   3.3 |   0.0 |   0.0 |  77.7 | 182.0
               +-------+-------+-------+-------+-------+----------------------

Table legend:
 A = Kills in this place as a percentage of kills in entire the game.
 B = Kills by you in this place as a percentage of kills by you in the entire game.
 C = Kills by friends in this place as a percentage of kills by friends in the entire game.
 D = Other kills in this place as a percentage of other kills in the entire game.
 E = Experience gained in this place as a percentage of experience gained in the entire game.
 F = Experience gained in this place divided by the number of levels of this place that you have seen.
                   A       B       C       D       E      F
               +-------+-------+-------+-------+-------+----------------------
         Total | 100.0 | 100.0 |   N/A |   N/A | 100.0 | 1224.4
       Dungeon |  96.5 |  96.5 |   N/A |   N/A |  91.4 | 1322.5
          Lair |   3.5 |   3.5 |   N/A |   N/A |   8.6 | 684.5
               +-------+-------+-------+-------+-------+----------------------
